Map: Temple gelé

Players

zidar - Winner!

  • Race: Zerg Zerg
  • League: Platinum
  • Spawn Location: 5:00

Viper

  • Race: Terran Terran
  • League: Diamond
  • Spawn Location: 11:00

VOD

Have the link to the VOD?

Description

Time

  • Played on: Oct. 20, 2016, 1:49 p.m.
  • Length: 14:53
Show
View Real Time Build Order
Export as new Build Order

zidar Zerg - Winner!

Build Orders: Hatch First 

Get SALT Encoding   

  12  0:09  Drone x2  
  14  0:15  Extractor  
  14  0:20  Extractor  
  12  0:22  Overlord  
  12  0:27  Drone  
  15  0:44  Drone  
  16  1:00  Hatchery  
  16  1:01  Drone  
  16  1:04  Extractor  
  15  1:19  Spawning Pool  
  14  1:26  Drone  
  14  1:28  Drone  
  16  1:34  Drone  
  17  1:40  Drone  
  18  1:48  Drone  
  19  2:05  Queen  
  21  2:11  Queen  
  21  2:14  Metabolic Boost  
  23  2:19  Zergling x2  
  23  2:22  Zergling x2  
  25  2:26  Zergling x2  
  26  2:50  Drone x2  
  28  2:53  Overlord x2  
  28  3:09  Roach Warren  
  27  3:26  Drone x5  
  32  3:52  Roach  
  32  3:53  Roach x5  
  44  4:04  Extractor  
  44  4:05  Overlord  
  44  4:06  Overlord  
  43  4:15  Ravager  
  45  4:24  Ravager  
  45  4:27  Ravager  
  46  5:04  Lair  
  46  5:07  Drone x5  
  46  5:10  Overlord x2  
  46  5:11  Overlord  
  51  5:17  Extractor  
  51  5:18  Drone x6  
  51  5:19  Extractor, Drone x4  
  43  6:27  Roach x9  
  61  6:50  Evolution Chamber  
  61  6:52  Evolution Chamber  
  59  7:06  Glial Reconstitution  
  59  7:10  Drone x6  
  59  7:11  Drone  
  59  7:12  Drone x5  
  71  7:16  Queen  
  71  7:21  Overlord  
  73  7:33  Spore Crawler  
  73  7:35  Spore Crawler  
  71  7:38  Ravager x3  
  71  7:40  Roach x2  
  71  7:41  Roach x3  
  84  7:45  Zerg Ground Armor Level 1  
  84  7:47  Zerg Melee Weapons Level 1  
  84  7:57  Infestation Pit  
  83  8:11  Overlord  
  83  8:12  Overlord x2  
  83  8:32  Hatchery  
  82  8:43  Hive  
  82  8:44  Hatchery  
  81  8:51  Roach x8  
  81  8:52  Roach x3  
  81  8:54  Overlord x3  
  103  9:22  Roach x3  
  103  9:23  Roach x4  
  117  9:27  Ravager  
  117  9:30  Ravager x6  
  124  9:38  Overlord  
  124  9:39  Overlord x2  
  124  9:41  Zerg Ground Armor Level 2, Zerg Melee Weapons Level 2  
  124  9:53  Overlord x2  
  124  9:57  Drone  
  124  9:58  Drone x6  
  131  10:13  Drone  
  131  10:14  Drone x6  
  138  10:26  Ultralisk Cavern  
  137  10:53  Queen  
  139  11:04  Extractor  
  139  11:05  Drone x3  
  139  11:06  Extractor  
  139  11:09  Drone x6  
  146  11:36  Chitinous Plating  
  146  11:40  Ultralisk x2  
  146  11:41  Ultralisk x3  
  146  11:46  Overlord  
  146  11:47  Overlord x3  
  176  12:25  Ultralisk  
  182  12:32  Zergling x32  
  182  12:33  Zergling x2  
  182  12:37  Adrenal Glands  
  199  12:47  Pneumatized Carapace  
  199  13:21  Zergling x2  
  200  13:33  Overseer  
  200  13:34  Overseer  
  200  14:10  Extractor  
  200  14:12  Extractor  
Show
View Real Time Build Order
Export as new Build Order

Viper Terran 

Build Orders:  

Get SALT Encoding   

  12  0:02  SCV  
  13  0:14  SCV  
  14  0:26  SCV, Supply Depot  
  15  0:47  SCV  
  16  0:51  Barracks  
  16  0:54  Refinery  
  16  1:00  SCV  
  16  1:02  Supply Depot  
  17  1:38  Orbital Command  
  17  1:39  Refinery  
  17  1:47  Reaper  
  18  2:11  SCV  
  19  2:23  SCV  
  19  2:25  Barracks Tech Lab  
  19  2:27  Factory  
  20  2:47  Supply Depot  
  20  2:48  Stimpack  
  20  2:50  Marauder  
  22  2:56  SCV  
  23  3:08  SCV  
  24  3:20  SCV  
  25  3:32  SCV  
  26  3:44  SCV  
  26  3:47  Marauder  
  28  3:48  Factory Tech Lab  
  28  3:54  Starport  
  28  3:55  Barracks  
  28  3:58  Barracks, SCV  
  28  3:59  Barracks  
  29  4:09  Command Center  
  29  4:10  SCV  
  29  4:11  Siege Tank  
  33  4:23  Marine, SCV  
  35  4:37  Starport Reactor  
  35  4:41  Marine  
  35  4:42  Supply Depot  
  36  4:49  Combat Shield  
  36  4:50  Barracks Reactor  
  36  4:51  Barracks Reactor x2  
  36  4:58  SCV  
  36  4:59  Marine  
  38  5:05  Supply Depot  
  38  5:10  SCV  
  38  5:14  Medivac  
  43  5:17  Marauder, Widow Mine  
  45  5:34  Marine x3  
  45  5:35  Marine x3  
  51  5:38  Marauder  
  45  5:52  Marine  
  42  6:00  Marauder  
  40  6:18  Marine x2  
  40  6:19  Marine x2, Supply Depot  
  42  6:33  Siege Tank  
  42  6:35  Medivac x2  
  42  6:38  Supply Depot  
  49  6:52  Bunker, Orbital Command  
  49  6:55  SCV  
  49  6:59  Marine  
  49  7:00  Marine x2  
  49  7:01  Marauder, Supply Depot  
  55  7:05  Siege Tank  
  55  7:07  SCV  
  59  7:19  SCV  
  60  7:23  Bunker  
  60  7:31  SCV  
  61  7:43  SCV  
  64  7:44  Widow Mine  
  64  7:49  Marauder  
  66  7:52  Marine x6  
  66  7:55  SCV  
  73  8:00  Refinery  
  73  8:01  SCV  
  73  8:02  Refinery  
  73  8:05  Supply Depot  
  74  8:09  SCV  
  74  8:10  Marine x6, Marauder  
  85  8:13  Widow Mine, SCV  
  87  8:27  SCV  
  87  8:28  Marine x5  
  87  8:32  Marauder  
  94  8:43  Armory  
  94  9:39  Supply Depot  
  94  9:45  Supply Depot  
  94  10:00  Marine x2, Medivac x2  
  94  10:01  Marauder  
  94  10:02  Engineering Bay x2  
  94  10:07  Marine x4  
  108  10:14  Widow Mine  
  108  10:18  Marine x2  
  110  10:26  Command Center  
  110  10:37  Supply Depot  
  110  10:39  Supply Depot  
  110  10:47  Supply Depot  
  110  10:51  Terran Infantry Weapons Level 1  
  110  10:52  Terran Infantry Armor Level 1  
  110  10:57  Supply Depot  
  110  10:59  Marine x6, Marauder  
  110  11:01  Supply Depot, Medivac x2  
  110  11:04  Supply Depot  
  122  11:08  Thor  
  128  11:16  Marine x6  
  134  11:21  Marauder  
  136  11:34  Marine x6  
  142  11:42  Marauder  
  142  11:43  Supply Depot  
  142  11:45  Supply Depot  
  142  11:46  Orbital Command  
  144  11:51  Medivac  
  144  11:52  Marine x3, Medivac  
  151  12:02  Supply Depot  
  151  12:03  Marauder  
  151  12:05  Supply Depot  
  153  12:25  Marauder  
  155  12:30  Orbital Command  
  155  13:11  Marauder  
  155  13:12  Marine  
  158  13:13  Marine x5  
  158  13:14  Refinery  
  158  13:16  Refinery  
  163  13:30  Marine x6  
  163  13:33  Marauder  
  171  13:48  Marine x6  
  172  13:54  Marauder  
  179  14:06  Marine x6  
  185  14:15  Marauder  
  187  14:23  Marine  
  187  14:24  Marine x4  
  186  14:25  Marine  
Tags
 
Add a new tag
Caveats
  • Supply blocks, unpowered buildings, or Contaminate may cause inaccurate times.
  • Supply counts are checked every 10 seconds.